 Dungeon Crawl Stone Soup version 0.24.0-123-gd5b16e6ec5 (webtiles) character file.

Game seed: 10740382058895280708, levelgen mode: deterministic

483 d1a the Chopper (level 7, 0/37 HPs)
             Began as a Vine Stalker Chaos Knight on Jan 4, 2020.
             Was a Plaything of Xom.
             Succumbed to a scorpion's poison
             ... on level 5 of the Dungeon.
             The game lasted 00:18:39 (3594 turns).

d1a the Chopper (Vine Stalker Chaos Knight)         Turns: 3594, Time: 00:18:39

Health: 0/37       AC:  6    Str: 17    XL:     7   Next: 12%
Magic:  1/8        EV: 12    Int: 12    God:    Xom [....*.]
Gold:   194        SH:  0    Dex: 13    Spells: 5/6 levels left

rFire    x . .     SeeInvis .   a - +0 hand axe (chaos)
rCold    + . .     Gourm    .   (no shield)
rNeg     . . .     Faith    .   b - +2 leather armour
rPois    .         Spirit   +   r - +0 helmet
rElec    .         Reflect  .   d - -1 cloak
rCorr    .         Harm     .   (no gloves)
MR       .....                  (no boots)
Stlth    +.........             (no amulet)
HPRegen  0.52/turn              s - ring of ice
MPRegen  0.11/turn              (no ring)

@: lethally poisoned (0 -> -1)
A: fangs 2, regeneration 1, magic shield, antimagic bite, no potion heal 3, rot
immunity
a: Renounce Religion


You were on level 5 of the Dungeon.
You worshipped Xom.
You were a beloved toy of Xom.
You were not hungry.

You visited 1 branch of the dungeon, and saw 5 of its levels.

You collected 194 gold pieces.

Inventory:

Hand Weapons
 a - a +0 hand axe of chaos (weapon)
Missiles
 h - 27 poisoned darts (quivered)
 i - 6 atropa-tipped darts
Armour
 b - a +2 leather armour (worn)
 d - a -1 cloak (worn)
 l - a +0 plate armour
 r - a +0 helmet (worn)
Jewellery
 e - an uncursed ring of attention
 s - a ring of ice (left hand)
Scrolls
 f - 2 scrolls of teleportation {unknown}
 g - a scroll of noise
 k - 4 scrolls of identify {unknown}
Potions
 j - a potion of resistance {unknown}
 m - a potion of invisibility {unknown}
 o - 3 potions of curing {unknown}
 p - a potion of might {unknown}
 q - a potion of flight {unknown}
Comestibles
 c - 8 rations
 n - a chunk of flesh


   Skills:
 + Level 3.9 Fighting
 + Level 4.8 Axes
 + Level 3.3 Armour
 + Level 2.4 Dodging
 + Level 1.0 Stealth


You had 5 spell levels left.
You knew the following spells:

 Your Spells              Type           Power        Failure   Level  Hunger
a - Pain                  Necr           #...         36%         1    ##.....

Your spell library contained the following spells:

 Spells                   Type           Power        Failure   Level  Hunger
 Animate Skeleton         Necr           N/A          36%         1    ##.....
 Regeneration             Chrm/Necr      #.........   75%         3    ####...
 Vampiric Draining        Necr           #.........   75%         3    ####...
 Animate Dead             Necr           N/A          98%         4    #####..


Dungeon Overview and Level Annotations

Branches:
Dungeon (5/15)
 Temple: D:4-7

Altars:
Elyvilon
Hepliaklqana
Qazlal
Sif Muna
Uskayaw


Innate Abilities, Weirdness & Mutations

You have extremely sharp teeth.
Your natural rate of healing is unusually fast.
When hurt, damage is shared between your health and your magic reserves.
Your bite disrupts and absorbs the magic of your enemies.
Potions cannot restore your health.
You are immune to rotting.


Message History

You feel invigorated.
Something stings you but does no damage.
You miss something. Your bite misses something.
Something stings you but does no damage.
Something stings you!
* * * LOW HITPOINT WARNING * * *
You are poisoned.
Something poisons you!
You barely miss something.
You feel sick.
Something stings you but does no damage.
You barely miss something. Your bite misses something.
You feel sick.
Something stings you but does no damage.
Something stings you.
* * * LOW HITPOINT WARNING * * *
You hit something but do no damage.
Nothing appears to happen.
You feel sick. Something stings you.
* * * LOW HITPOINT WARNING * * *
You hit something.
You die...
Xom guffaws!

## #.## #...## #.....#
.......
#################.......
.>..............@{#
################### ###
..#


There were no monsters in sight!

Vanquished Creatures
  An ogre (D:3)
  A phantom (D:4)
  A big kobold (D:4)
  Jessica (D:2)
  3 worker ants
  4 adders
  3 gnolls (D:2)
  2 worms (D:2)
  2 dart slugs
  3 leopard geckos
  3 orcs (D:3)
  5 giant cockroaches
  6 goblins
  4 hobgoblins
  6 jackals
  8 kobolds
  4 quokkas
  2 ball pythons (D:3)
  10 bats
  5 frilled lizards
  A leopard gecko skeleton (D:4)
  8 rats
83 creatures vanquished.

Notes
Turn   | Place    | Note
-------+----------+-------------------------------------------
     0 | D:1      | d1a the Vine Stalker Chaos Knight began the quest for the
                  | Orb.
     0 | D:1      | Reached XP level 1. HP: 11/11 MP: 2/2
   271 | D:1      | Reached XP level 2. HP: 11/16 MP: 3/3
   404 | D:1      | Reached skill level 3 in Axes
   607 | D:1      | XOM: silly message
   612 | D:1      | XOM: harmless Chrm miscast
  1095 | D:2      | Reached XP level 3. HP: 20/20 MP: 4/4
  1303 | D:2      | Reached skill level 1 in Dodging
  1438 | D:2      | Noticed Jessica
  1447 | D:2      | Killed Jessica
  1447 | D:2      | Gained mutation: Your natural rate of healing is unusually
                  | fast. [Vine Stalker growth]
  1447 | D:2      | Reached XP level 4. HP: 24/24 MP: 5/5
  1496 | D:2      | XOM: divination: detect items
  1562 | D:2      | Reached XP level 5. HP: 11/28 MP: 1/6
  1885 | D:3      | Found a stormy altar of Qazlal.
  1885 | D:3      | Found a faded altar of an unknown god.
  1890 | D:3      | Found a hide-covered altar of Uskayaw.
  1892 | D:3      | Found a faded altar of an unknown god.
  1894 | D:3      | Found a hazy altar of Hepliaklqana.
  1966 | D:3      | Noticed an ogre
  1967 | D:3      | XOM: divination: detect creatures
  2057 | D:3      | XOM: butterfly on damage
  2058 | D:3      | Killed an ogre
  2058 | D:3      | Reached skill level 4 in Axes
  2058 | D:3      | Reached XP level 6. HP: 6/32 MP: 2/7
  2149 | D:3      | XOM: mild Air miscast
  2473 | D:3      | Learned a level 1 spell: Pain
  2482 | D:3      | XOM: confusion
  2665 | D:4      | Noticed a phantom
  2700 | D:4      | XOM: polymorph worker ant -> big kobold
  2710 | D:4      | XOM: summons 5 friendly demons
  2844 | D:4      | XOM: fog
  2851 | D:4      | Killed a phantom
  2851 | D:4      | Reached skill level 1 in Stealth
  2951 | D:4      | Found a white marble altar of Elyvilon.
  3088 | D:4      | Found a shimmering blue altar of Sif Muna.
  3101 | D:4      | XOM: divination: detect items
  3254 | D:4      | Reached XP level 7. HP: 30/37 MP: 6/8
  3299 | D:5      | Entered Level 5 of the Dungeon
  3389 | D:5      | XOM: smoke on damage
  3593 | D:5      | HP: 1/37 [something (3)]
  3594 | D:5      | Succumbed to a scorpion's poison

Levels and vault maps discovered:
D:1:      shiori_arrival_maze, layout_basic
D:2:      layout_rooms, uniq_jessica
D:3:      layout_basic, chequers_temple_overflow_minitemple
D:4:      layout_basic, nicolae_overflow_crystal_walls, first_ration, tgw_sif
D:5:      layout_loops_ring, lemuel_doored_altar, nicolae_ashenzari_panopticon

Skill      XL: |  1  2  3  4  5  6 |
---------------+-------------------+-----
Fighting       | 3 |  3.9
Axes           | 3 4 |  4.8
Armour         | 2 3 |  3.3
Dodging        | 1 2 |  2.4
Stealth        | 1 |  1.0

Action                   |  1- 3 |  4- 6 |  7- 9 || total
-------------------------+-------+-------+-------++-------
Melee: Hand axe          |    99 |   139 |    28 ||   266
       Bite              |    23 |    28 |    11 ||    62
  Use: Scroll            |     1 |     2 |       ||     3
  Eat: Chunk             |     1 |     6 |     2 ||     9
Armor: Leather armour    |    72 |    42 |    10 ||   124
Dodge: Dodged            |    80 |    84 |     5 ||   169
